Predators vs Blackhawks

Created - 25 mars 2017 at 19:24

Goals
1 2 3 OT1 T
Predators 0 2 3 0 5
Blackhawks 0 2 3 1 6
Shots
1 2 3 OT1 T
Predators 7 4 17 0 28
Blackhawks 13 12 8 1 34

1st period

No Goal

Penalties :
Patrick Kane (Chi) for Slashing (Minor) at 12:47, David Hale (Chi) for Hooking (Minor) at 19:53

2nd period

1. Predators , Byron Bitz 22 (Alexander Steen, Mikael Granlund) at 0:39 (PP)
2. Blackhawks , Patrick Kane 37 (Derick Brassard, Antoine Roussel) at 2:56
3. Predators , Byron Bitz 23 (Alexander Steen, Alexander Edler) at 3:31
4. Blackhawks , Ryan Hollweg 11 (Patrick Kaleta, Kurt Sauer) at 14:23

Penalties :
Adam Burish (Nas) for Hooking (Minor) at 11:03, Jonathan Toews (Chi) for Hooking (Minor) at 16:48

3rd period

5. Blackhawks , Derick Brassard 38 (Ian White, Antoine Roussel) at 0:14
6. Blackhawks , Patrick Kane 38 (Kurt Sauer, Oleg Saprykin) at 4:48
7. Predators , Alexander Ovechkin 30 (Niclas Bergfors, Ryan Kesler) at 4:58
8. Blackhawks , Joni Pitkanen 3 (Ian White) at 12:20
9. Predators , Bobby Sanguinetti 2 (Alexander Steen, Brett Clark) at 12:50
10. Predators , Mikael Granlund 3 (Alexander Steen, Byron Bitz) at 15:02 (PP)

Penalties :
Ryan Kesler (Nas) for Interference (Minor) at 0:38, Antoine Roussel (Chi) for Hooking (Minor) at 0:47, Peter Regin (Chi) for Holding (Minor) at 6:28, Antoine Roussel (Chi) for Tripping (Minor) at 13:21, Ryan Hollweg (Chi) for Hooking (Minor) at 18:19

Overtime #1

11. Blackhawks , Jason Pominville 31 (Patrick Kane) at 4:42

Penalties :
No Penalty

Goalie Stats

Viktor Fasth (Nas), 28 saves from 34 shots - (0,824), OTL, 21-10-2, 64:42 minutes
Al Montoya (Chi), 23 saves from 28 shots - (0,821), W, 5-5-0, 64:42 minutes

Players Stats for Predators

Player Name              G  A  P  +/- PIM S  H  SB GA TA FO     MP     PP MP  PK MP  
------------------------------------------------------------------------------------
Adam Burish              0  0  0  -2  2   0  3  0  0  0  0/0    12:07   0:00   0:09 
Alexander Edler          0  1  1   1  0   0  1  0  0  0  0/0    14:15   0:58   1:08 
Alexander Ovechkin       1  0  1  -1  0   3  2  0  1  0  6/7    25:02   6:30   1:11 
Alexander Steen          0  4  4   1  0   2  0  0  0  0  0/0    17:44   3:43   0:53 
Andy Miele               0  0  0  -2  0   1  1  0  1  1  2/5    12:34   0:00   0:00 
Bobby Sanguinetti        1  0  1  -1  0   1  0  0  0  2  0/0    23:41   4:25   0:00 
Brett Clark              0  1  1  -3  0   0  0  1  0  0  0/0    18:45   1:53   0:51 
Byron Bitz               2  1  3   0  0   6  3  0  1  0  0/1    18:37   3:43   0:00 
Christian Ehrhoff        0  0  0  -2  0   2  2  0  0  1  0/0    18:49   5:48   0:00 
David Jones              0  0  0   0  0   1  2  0  1  0  0/0     7:49   0:00   0:00 
James Van Riemsdyk       0  0  0  -2  0   1  1  0  1  0  0/0    12:13   0:00   0:40 
John Moore               0  0  0  -1  0   0  2  0  0  0  0/0    19:30   0:00   1:00 
Kris Vernarsky           0  0  0   0  0   2  0  0  0  0  1/1     8:00   0:11   0:00 
Mikael Granlund          1  1  2   1  0   1  1  0  0  0  4/8    17:24   3:43   0:37 
Niclas Bergfors          0  1  1  -1  0   3  2  1  0  0  0/0    23:39   6:30   0:00 
Ryan Kesler              0  1  1  -2  2   2  2  0  2  1  11/35  22:34   6:19   0:00 
Ryan Mcdonagh            0  0  0   0  0   3  4  5  0  1  0/0    33:30   7:22   1:17 
Steve Begin              0  0  0   0  0   0  0  0  0  0  0/0     8:35   0:00   0:46 

Players Stats for Blackhawks

Player Name              G  A  P  +/- PIM S  H  SB GA TA FO     MP     PP MP  PK MP  
------------------------------------------------------------------------------------
Antoine Roussel          0  2  2   1  4   3  2  0  0  0  1/2    16:53   1:08   0:00 
Brendan Bell             0  0  0   1  0   0  2  1  0  0  0/0    11:23   0:00   0:00 
Carson Mcmillan          0  0  0   0  0   2  2  0  0  1  0/0    12:22   0:09   2:25 
Dave Tanabe              0  0  0   2  0   0  0  2  0  0  0/0    22:44   1:01   4:05 
David Hale               0  0  0   1  2   1  0  0  0  1  0/0    11:22   0:00   0:00 
Derick Brassard          1  1  2   1  0   4  4  0  0  0  17/22  19:18   1:09   0:42 
Ian White                0  2  2   0  0   3  1  2  2  0  0/0    30:35   1:07   6:27 
Jason Pominville         1  0  1   0  0   4  1  0  0  0  0/0    15:52   0:50   0:00 
Jonathan Toews           0  0  0  -1  2   1  2  1  0  0  10/17  18:55   0:50   5:01 
Joni Pitkanen            1  0  1   0  0   4  1  1  0  3  0/0    30:35   1:07   6:27 
Kurt Sauer               0  2  2   2  0   0  0  3  0  0  0/0    22:44   1:01   4:05 
Kyle Brodziak            0  0  0   0  0   1  1  0  0  2  1/4     9:58   0:00   0:53 
Oleg Saprykin            0  1  1   0  0   3  0  0  1  0  0/3    12:53   0:00   2:32 
Patrick Kaleta           0  1  1   2  0   3  1  0  0  0  1/1    15:12   0:09   5:58 
Patrick Kane             2  1  3   2  2   4  2  0  2  0  1/5    20:33   1:09   0:00 
Peter Regin              0  0  0   2  2   0  1  0  0  0  2/3    11:29   0:00   2:07 
Ryan Hollweg             1  0  1   2  2   1  2  0  1  0  0/0    11:07   0:50   0:56 
Tomas Fleischmann        0  0  0  -1  0   0  1  0  0  0  0/0    12:24   0:09   0:11 

3 Stars

1 - Byron Bitz (Nas)
2 - Patrick Kane (Chi)
3 - Derick Brassard (Chi)

Power Play

Predators - 2 on 7 Attempt(s) - 28,57%
Blackhawks - 0 on 2 Attempt(s) - 0,00%

Penalty Kill

Predators - 2 on 2 Attempt(s) - 100,00% - Score 0 goal in Penalty Kill
Blackhawks - 5 on 7 Attempt(s) - 71,43% - Score 0 goal in Penalty Kill

Team Stat

Predators - Hits : 26 - Faceoff Wins : 24 - Blocked Shots : 7 - Penalty Minutes : 4
Blackhawks - Hits : 23 - Faceoff Wins : 33 - Blocked Shots : 10 - Penalty Minutes : 14

Official

Referees : Furlatt Eric and Rooney Chris
Linesman : Mark Wheler and Lyle Seitz

Game Notes

Alexander Edler is injured at 13:31 of 2nd period (Sore Right Knee)

Finance

Level 1 -- Attendance: 4458 (74,30%) -- Ticket Income 414 594 $
Level 2 -- Attendance: 3474 (69,48%) -- Ticket Income 201 492 $
Level 3 -- Attendance: 1330 (66,50%) -- Ticket Income 49 210 $
Level 4 -- Attendance: 2557 (63,93%) -- Ticket Income 66 482 $
Luxury Box -- Attendance: 772 (77,20%) -- Ticket Income 133 556 $
Game was played at the Rexall Place.
Total Attendance: 12591 (69,95%)
Total Ticket Income: 865 334 $
Other Income: 129 800 $
Total Income: 995 134 $

Predators

5 vs 5 Forward 
   Center                   Left Wing                Right Wing               Time % Phy DF OF 
 1 Ryan Kesler              Alexander Ovechkin       Niclas Bergfors          40     1   1  3  
 2 Mikael Granlund          Alexander Steen          Byron Bitz               30     1   2  2  
 3 Andy Miele               James Van Riemsdyk       Adam Burish              20     1   2  2  
 4 Kris Vernarsky           Steve Begin              David Jones              10     1   2  2  

5 vs 5 Defense 
   Defense                  Defense                                           Time % Phy DF OF 
 1 Alexander Edler          Ryan Mcdonagh                                     40     1   2  2  
 2 Bobby Sanguinetti        John Moore                                        30     1   2  2  
 3 Christian Ehrhoff        Brett Clark                                       20     1   2  2  
 4 Ryan Mcdonagh            John Moore                                        10     1   2  2  

PowerPlay Forward 
   Center                   Left Wing                Right Wing               Time % Phy DF OF 
 1 Ryan Kesler              Alexander Ovechkin       Niclas Bergfors          60     1   0  4  
 2 Mikael Granlund          Alexander Steen          Byron Bitz               40     1   0  4  

PowerPlay Defense
   Defense                  Defense                                           Time % Phy DF OF 
 1 Christian Ehrhoff        Ryan Mcdonagh                                     60     1   1  3  
 2 Bobby Sanguinetti        Alexander Edler                                   40     0   1  4  

Penalty Kill 4 Players Forward 
   Center                   Wing                     Time % Phy DF OF 
 1 Alexander Ovechkin       Adam Burish              60     1   2  2  
 2 Byron Bitz               Steve Begin              40     1   2  2  

Penalty Kill 4 Players Defense
   Defense                  Defense                  Time % Phy DF OF 
 1 Alexander Edler          Ryan Mcdonagh            60     1   1  3  
 2 Brett Clark              John Moore               40     1   1  3  

Penalty Kill - 3 Players Forward 
   Forward                                           Time % Phy DF OF 
 1 Byron Bitz                                        60     2   3  0  
 2 Adam Burish                                       40     1   3  1  

Penalty Kill - 3 Players Defense
   Defense                  Defense                  Time % Phy DF OF 
 1 Alexander Edler          Ryan Mcdonagh            60     1   1  3  
 2 Brett Clark              John Moore               40     1   1  3  

4 vs 4 Forward 
   Center                   Wing                     Time % Phy DF OF 
 1 Alexander Ovechkin       Niclas Bergfors          60     1   2  2  
 2 Ryan Kesler              Byron Bitz               40     1   2  2  

4 vs 4 Defense
   Defense                  Defense                  Time % Phy DF OF 
 1 Alexander Edler          Ryan Mcdonagh            60     1   2  2  
 2 Bobby Sanguinetti        John Moore               40     1   2  2  

Last Minutes Offensive
   Center                   Left Wing                Right Wing               Defense                  Defense                  
   Ryan Kesler              Alexander Ovechkin       Byron Bitz               Alexander Edler          Ryan Mcdonagh            

Last Minutes Defensive
   Center                   Left Wing                Right Wing               Defense                  Defense                  
   Kris Vernarsky           Alexander Ovechkin       Byron Bitz               Ryan Mcdonagh            Brett Clark              

Goaltenders
Starting : Viktor Fasth             
Backup : Chad Johnson             

Extra Forwards
Normal : Alexander Ovechkin, Byron Bitz, Andy Miele - PP : Alexander Ovechkin, Ryan Kesler - PK : Steve Begin
Extra Defensemen
Normal : Bobby Sanguinetti, Alexander Edler, John Moore - PP : Bobby Sanguinetti - PK : John Moore, Christian Ehrhoff
Penalty Shots
Alexander Ovechkin, Niclas Bergfors, Ryan Kesler, Andy Miele, Alexander Steen

Blackhawks

5 vs 5 Forward 
   Center                   Left Wing                Right Wing               Time % Phy DF OF 
 1 Derick Brassard          Antoine Roussel          Patrick Kane             40     1   2  2  
 2 Jonathan Toews           Tomas Fleischmann        Jason Pominville         30     1   2  2  
 3 Peter Regin              Ryan Hollweg             Patrick Kaleta           20     1   2  2  
 4 Kyle Brodziak            Oleg Saprykin            Carson Mcmillan          10     1   2  2  

5 vs 5 Defense 
   Defense                  Defense                                           Time % Phy DF OF 
 1 Ian White                Joni Pitkanen                                     40     1   2  2  
 2 Kurt Sauer               Dave Tanabe                                       30     1   2  2  
 3 Brendan Bell             David Hale                                        20     1   2  2  
 4 Ian White                Joni Pitkanen                                     10     1   2  2  

PowerPlay Forward 
   Center                   Left Wing                Right Wing               Time % Phy DF OF 
 1 Derick Brassard          Antoine Roussel          Patrick Kane             60     1   2  2  
 2 Jonathan Toews           Ryan Hollweg             Jason Pominville         40     1   2  2  

PowerPlay Defense
   Defense                  Defense                                           Time % Phy DF OF 
 1 Ian White                Joni Pitkanen                                     60     1   2  2  
 2 Kurt Sauer               Dave Tanabe                                       40     1   2  2  

Penalty Kill 4 Players Forward 
   Center                   Wing                     Time % Phy DF OF 
 1 Jonathan Toews           Patrick Kaleta           60     1   2  2  
 2 Peter Regin              Carson Mcmillan          40     1   2  2  

Penalty Kill 4 Players Defense
   Defense                  Defense                  Time % Phy DF OF 
 1 Ian White                Joni Pitkanen            60     1   2  2  
 2 Kurt Sauer               Dave Tanabe              40     1   2  2  

Penalty Kill - 3 Players Forward 
   Forward                                           Time % Phy DF OF 
 1 Peter Regin                                       60     1   2  2  
 2 Jonathan Toews                                    40     1   2  2  

Penalty Kill - 3 Players Defense
   Defense                  Defense                  Time % Phy DF OF 
 1 Ian White                Joni Pitkanen            60     1   2  2  
 2 Kurt Sauer               Dave Tanabe              40     1   2  2  

4 vs 4 Forward 
   Center                   Wing                     Time % Phy DF OF 
 1 Patrick Kane             Jason Pominville         60     1   2  2  
 2 Derick Brassard          Jonathan Toews           40     1   2  2  

4 vs 4 Defense
   Defense                  Defense                  Time % Phy DF OF 
 1 Ian White                Joni Pitkanen            60     1   2  2  
 2 Kurt Sauer               Dave Tanabe              40     1   2  2  

Last Minutes Offensive
   Center                   Left Wing                Right Wing               Defense                  Defense                  
   Derick Brassard          Antoine Roussel          Patrick Kane             Ian White                Joni Pitkanen            

Last Minutes Defensive
   Center                   Left Wing                Right Wing               Defense                  Defense                  
   Derick Brassard          Antoine Roussel          Patrick Kane             Ian White                Joni Pitkanen            

Goaltenders
Starting : Al Montoya               
Backup : Jimmy Howard             

Extra Forwards
Normal : Tomas Fleischmann, Patrick Kaleta, Oleg Saprykin - PP : Tomas Fleischmann, Patrick Kaleta - PK : Oleg Saprykin
Extra Defensemen
Normal : Brendan Bell, David Hale, Kurt Sauer - PP : Brendan Bell - PK : David Hale, Kurt Sauer
Penalty Shots
Patrick Kane, Jason Pominville, Derick Brassard, Jonathan Toews, Antoine Roussel

% Time on Ice - Predators

Lines # - Real PCT - Wanted PCT - Time Play
Normal Forward
1 - 32% - 40% - 14:51
2 - 26% - 30% - 11:56
3 - 24% - 20% - 11:13
4 - 17% - 10% - 7:49
Normal Defense
1 - 43% - 40% - 19:31
2 - 30% - 30% - 13:57
3 - 21% - 20% - 9:28
4 - 6% - 10% - 2:53
PP Forward
1 - 64% - 60% - 6:30
2 - 36% - 40% - 3:43
PP Defense
1 - 57% - 60% - 5:48
2 - 43% - 40% - 4:25
PK Forward
1 - 100% - 60% - 2:08
2 - 0% - 40% - 0:00
PK Defense
1 - 60% - 60% - 1:17
2 - 40% - 40% - 0:51
PK3 Forward
1 - 0% - 60%
2 - 0% - 40%
PK3 Defense
1 - 0% - 60%
2 - 0% - 40%
44 Forward
1 - 66% - 60% - 4:18
2 - 34% - 40% - 2:14
44 Defense
1 - 96% - 60% - 6:17
2 - 4% - 40% - 0:15
Last Minute Offensive  - 0:00
Last Minute Defensive  - 0:00
Total
Forward - 64:42
Defense - 64:42

% Time on Ice - Blackhawks

Lines # - Real PCT - Wanted PCT - Time Play
Normal Forward
1 - 35% - 40% - 16:01
2 - 26% - 30% - 12:05
3 - 19% - 20% - 8:38
4 - 20% - 10% - 9:05
Normal Defense
1 - 41% - 40% - 18:48
2 - 32% - 30% - 14:34
3 - 24% - 20% - 11:07
4 - 3% - 10% - 1:20
PP Forward
1 - 61% - 60% - 1:18
2 - 39% - 40% - 0:50
PP Defense
1 - 52% - 60% - 1:07
2 - 48% - 40% - 1:01
PK Forward
1 - 75% - 60% - 7:39
2 - 25% - 40% - 2:34
PK Defense
1 - 60% - 60% - 6:08
2 - 40% - 40% - 4:05
PK3 Forward
1 - 100% - 60% - 0:19
2 - 0% - 40% - 0:00
PK3 Defense
1 - 100% - 60% - 0:19
2 - 0% - 40% - 0:00
44 Forward
1 - 77% - 60% - 4:46
2 - 23% - 40% - 1:27
44 Defense
1 - 51% - 60% - 3:09
2 - 49% - 40% - 3:04
Last Minute Offensive  - 0:00
Last Minute Defensive  - 0:00
Total
Forward - 64:42
Defense - 64:42

Play by Play

1st period


0:01 of 1st period - Derick Brassard wins face-off versus Ryan Kesler in neutral zone.
0:08 of 1st period - Snap shot by Antoine Roussel.
0:08 of 1st period - Stopped by Viktor Fasth without a rebound.
0:09 of 1st period - Derick Brassard wins face-off versus Ryan Kesler in Predators zone.
0:12 of 1st period - Backhand shot by Patrick Kane.
0:12 of 1st period - Shot Blocked by Ryan Mcdonagh.
0:14 of 1st period - Snap shot by Patrick Kane.
0:14 of 1st period - Shot Misses the Net.
0:16 of 1st period - Slapshot by Ian White.
0:16 of 1st period - Shot Blocked by Ryan Mcdonagh.
0:18 of 1st period - Slapshot by Joni Pitkanen.
0:18 of 1st period - Stopped by Viktor Fasth with a rebound.
0:50 of 1st period - Snap shot by Derick Brassard.
0:50 of 1st period - Stopped by Viktor Fasth with a rebound.
0:52 of 1st period - Slapshot by Ian White.
0:52 of 1st period - Shot Blocked by Ryan Mcdonagh.
0:54 of 1st period - Wrist shot by Antoine Roussel.
0:54 of 1st period - Stopped by Viktor Fasth with a rebound.
0:56 of 1st period - Snap shot by Antoine Roussel.
0:56 of 1st period - Shot Blocked by Niclas Bergfors.
0:58 of 1st period - Snap shot by Antoine Roussel.
0:58 of 1st period - Shot Misses the Net.
1:00 of 1st period - Snap shot by Derick Brassard.
1:00 of 1st period - Stopped by Viktor Fasth with a rebound.
1:02 of 1st period - Slapshot by Derick Brassard.
1:02 of 1st period - Deflect By Patrick Kane.
1:02 of 1st period - Shot Misses the Net.
1:02 of 1st period - Puck is out of play.
1:03 of 1st period - Mikael Granlund wins face-off versus Jonathan Toews in Predators zone.
1:29 of 1st period - James Van Riemsdyk is hit by Peter Regin.
1:51 of 1st period - Wrist shot by Kyle Brodziak.
1:51 of 1st period - Shot Misses the Net.
1:57 of 1st period - Kurt Sauer is hit by David Jones and loses puck.
2:14 of 1st period - Tomas Fleischmann is hit by John Moore and loses puck.
2:25 of 1st period - Ryan Mcdonagh is hit by Ryan Hollweg and loses puck.
2:34 of 1st period - Snap shot by Patrick Kaleta.
2:34 of 1st period - Stopped by Viktor Fasth with a rebound.
2:46 of 1st period - Slapshot by James Van Riemsdyk.
2:46 of 1st period - Shot Misses the Net.
3:50 of 1st period - Snap shot by Jonathan Toews.
3:50 of 1st period - Stopped by Viktor Fasth with a rebound.
3:52 of 1st period - Wrist shot by Jason Pominville.
3:52 of 1st period - Stopped by Viktor Fasth with a rebound.
4:52 of 1st period - Slapshot by Ryan Hollweg.
4:52 of 1st period - Deflect By Patrick Kaleta.
4:52 of 1st period - Stopped by Viktor Fasth with a rebound.
5:11 of 1st period - Brett Clark is hit by Jonathan Toews.
6:25 of 1st period - Dave Tanabe is hit by David Jones and loses puck.
6:46 of 1st period - Snap shot by Byron Bitz.
6:46 of 1st period - Shot Misses the Net.
6:56 of 1st period - Slapshot by Derick Brassard.
6:56 of 1st period - Stopped by Viktor Fasth without a rebound.
6:57 of 1st period - Mikael Granlund wins face-off versus Patrick Kane in Predators zone.
7:02 of 1st period - Patrick Kane is hit by Byron Bitz and loses puck.
8:31 of 1st period - Ryan Kesler is hit by Brendan Bell and loses puck.
9:05 of 1st period - Slapshot by Oleg Saprykin.
9:05 of 1st period - Shot Misses the Net.
9:07 of 1st period - Backhand shot by Ian White.
9:07 of 1st period - Stopped by Viktor Fasth without a rebound.
9:08 of 1st period - Derick Brassard wins face-off versus Mikael Granlund in Predators zone.
9:35 of 1st period - Andy Miele is hit by Jonathan Toews and loses puck.
10:45 of 1st period - Off-side.
10:46 of 1st period - Kris Vernarsky wins face-off versus Kyle Brodziak in neutral zone.
10:51 of 1st period - Snap shot by Kris Vernarsky.
10:51 of 1st period - Shot Blocked by Dave Tanabe.
11:01 of 1st period - Wrist shot by Kyle Brodziak.
11:01 of 1st period - Stopped by Viktor Fasth with a rebound.
11:59 of 1st period - Snap shot by Ryan Kesler.
11:59 of 1st period - Stopped by Al Montoya with a rebound.
12:01 of 1st period - Slapshot by Ryan Mcdonagh.
12:01 of 1st period - Stopped by Al Montoya with a rebound.
12:45 of 1st period - Wrist shot by Byron Bitz.
12:45 of 1st period - Shot Misses the Net.
12:47 of 1st period - Minor Penalty to Patrick Kane for Slashing.
12:48 of 1st period - Jonathan Toews wins face-off versus Ryan Kesler in Blackhawks zone.
14:47 of 1st period - Penalty to Patrick Kane is over, Patrick Kane is back on ice.
15:00 of 1st period - Bobby Sanguinetti is hit by Patrick Kane and loses puck.
15:20 of 1st period - Wrist shot by Kris Vernarsky.
15:20 of 1st period - Stopped by Al Montoya without a rebound.
15:21 of 1st period - Derick Brassard wins face-off versus Andy Miele in Blackhawks zone.
15:47 of 1st period - John Moore is hit by Carson Mcmillan and loses puck.
15:52 of 1st period - Snap shot by Oleg Saprykin.
15:52 of 1st period - Stopped by Viktor Fasth without a rebound.
15:53 of 1st period - Ryan Kesler wins face-off versus Kyle Brodziak in Predators zone.
16:26 of 1st period - Slapshot by Mikael Granlund.
16:26 of 1st period - Shot Blocked by Kurt Sauer.
16:28 of 1st period - Slapshot by Ryan Mcdonagh.
16:28 of 1st period - Deflect By Jason Pominville.
16:28 of 1st period - Stopped by Al Montoya with a rebound.
16:45 of 1st period - Wrist shot by Derick Brassard.
16:45 of 1st period - Shot Misses the Net.
16:53 of 1st period - Dave Tanabe is hit by Alexander Edler and loses puck.
17:44 of 1st period - Slapshot by Mikael Granlund.
17:44 of 1st period - Shot Misses the Net.
17:46 of 1st period - Wrist shot by Byron Bitz.
17:46 of 1st period - Stopped by Al Montoya with a rebound.
18:25 of 1st period - Peter Regin is hit by Alexander Ovechkin and loses puck.
19:05 of 1st period - Alexander Steen is hit by Antoine Roussel and loses puck.
19:41 of 1st period - Snap shot by Kris Vernarsky.
19:41 of 1st period - Stopped by Al Montoya with a rebound.
19:53 of 1st period - Minor Penalty to David Hale for Hooking.
19:54 of 1st period - Ryan Kesler wins face-off versus Jonathan Toews in Blackhawks zone.
19:58 of 1st period - Snap shot by Niclas Bergfors.
19:58 of 1st period - Deflect By Ian White.
19:58 of 1st period - Stopped by Al Montoya without a rebound.
19:59 of 1st period - Alexander Ovechkin wins face-off versus Jonathan Toews in Blackhawks zone.
Goals for this period are 0 for Predators vs 0 for Blackhawks.
Shots for this period are 7 for Predators vs 13 for Blackhawks.

2nd period


0:01 of 2nd period - Jonathan Toews wins face-off versus Ryan Kesler in neutral zone.
0:28 of 2nd period - Joni Pitkanen is hit by Byron Bitz and loses puck.
0:39 of 2nd period - Snap shot by Byron Bitz.
0:39 of 2nd period - Goal by Byron Bitz - Predators : 1 - Blackhawks : 0.
0:40 of 2nd period - Derick Brassard wins face-off versus Ryan Kesler in neutral zone.
0:43 of 2nd period - Snap shot by Patrick Kane.
0:43 of 2nd period - Deflect By Derick Brassard.
0:43 of 2nd period - Shot Misses the Net.
0:43 of 2nd period - Puck is out of play.
0:44 of 2nd period - Derick Brassard wins face-off versus Ryan Kesler in Predators zone.
1:20 of 2nd period - Off-side.
1:21 of 2nd period - Jonathan Toews wins face-off versus Mikael Granlund in neutral zone.
1:26 of 2nd period - Slapshot by Jason Pominville.
1:26 of 2nd period - Shot Misses the Net.
1:43 of 2nd period - Icing by Dave Tanabe.
1:44 of 2nd period - Jonathan Toews wins face-off versus Ryan Kesler in Blackhawks zone.
2:39 of 2nd period - Snap shot by Patrick Kaleta.
2:39 of 2nd period - Shot Misses the Net.
2:44 of 2nd period - Off-side.
2:45 of 2nd period - Antoine Roussel wins face-off versus Andy Miele in neutral zone.
2:56 of 2nd period - Slapshot by Patrick Kane.
2:56 of 2nd period - Goal by Patrick Kane - Predators : 1 - Blackhawks : 1.
2:57 of 2nd period - Jonathan Toews wins face-off versus Ryan Kesler in neutral zone.
3:12 of 2nd period - Slapshot by Joni Pitkanen.
3:12 of 2nd period - Stopped by Viktor Fasth with a rebound.
3:27 of 2nd period - Snap shot by Byron Bitz.
3:27 of 2nd period - Stopped by Al Montoya with a rebound.
3:29 of 2nd period - Snap shot by Alexander Steen.
3:29 of 2nd period - Shot Misses the Net.
3:31 of 2nd period - Wrist shot by Byron Bitz.
3:31 of 2nd period - Goal by Byron Bitz - Predators : 2 - Blackhawks : 1.
3:32 of 2nd period - Derick Brassard wins face-off versus Ryan Kesler in neutral zone.
3:48 of 2nd period - Snap shot by Patrick Kane.
3:48 of 2nd period - Stopped by Viktor Fasth without a rebound.
3:49 of 2nd period - Jonathan Toews wins face-off versus Mikael Granlund in Predators zone.
3:56 of 2nd period - Backhand shot by Tomas Fleischmann.
3:56 of 2nd period - Shot Blocked by Ryan Mcdonagh.
4:02 of 2nd period - Slapshot by Ryan Mcdonagh.
4:02 of 2nd period - Shot Blocked by Ian White.
4:04 of 2nd period - Wrist shot by Mikael Granlund.
4:04 of 2nd period - Shot Misses the Net.
4:14 of 2nd period - Alexander Edler is hit by Derick Brassard and loses puck.
4:39 of 2nd period - Backhand shot by Patrick Kaleta.
4:39 of 2nd period - Shot Misses the Net.
4:57 of 2nd period - John Moore is hit by Brendan Bell and loses puck.
5:32 of 2nd period - Snap shot by Byron Bitz.
5:32 of 2nd period - Stopped by Al Montoya without a rebound.
5:33 of 2nd period - Derick Brassard wins face-off versus Ryan Kesler in Blackhawks zone.
5:38 of 2nd period - Wrist shot by Niclas Bergfors.
5:38 of 2nd period - Shot Blocked by Dave Tanabe.
6:04 of 2nd period - Slapshot by Jason Pominville.
6:04 of 2nd period - Stopped by Viktor Fasth with a rebound.
6:06 of 2nd period - Snap shot by Jason Pominville.
6:06 of 2nd period - Stopped by Viktor Fasth without a rebound.
6:07 of 2nd period - Mikael Granlund wins face-off versus Jonathan Toews in Predators zone.
6:32 of 2nd period - Antoine Roussel is hit by Alexander Ovechkin and loses puck.
7:36 of 2nd period - Icing by Byron Bitz.
7:37 of 2nd period - Kyle Brodziak wins face-off versus Mikael Granlund in Predators zone.
7:50 of 2nd period - Slapshot by Joni Pitkanen.
7:50 of 2nd period - Shot Misses the Net.
8:14 of 2nd period - Slapshot by Oleg Saprykin.
8:14 of 2nd period - Stopped by Viktor Fasth with a rebound.
8:38 of 2nd period - Snap shot by Carson Mcmillan.
8:38 of 2nd period - Stopped by Viktor Fasth with a rebound.
8:40 of 2nd period - Wrist shot by Carson Mcmillan.
8:40 of 2nd period - Stopped by Viktor Fasth with a rebound.
8:50 of 2nd period - Slapshot by Joni Pitkanen.
8:50 of 2nd period - Stopped by Viktor Fasth without a rebound.
8:51 of 2nd period - Derick Brassard wins face-off versus Ryan Kesler in Predators zone.
9:27 of 2nd period - Snap shot by Andy Miele.
9:27 of 2nd period - Shot Blocked by Kurt Sauer.
10:15 of 2nd period - Brendan Bell is hit by Andy Miele and loses puck.
11:03 of 2nd period - Minor Penalty to Adam Burish for Hooking.
11:04 of 2nd period - Alexander Ovechkin wins face-off versus Derick Brassard in Predators zone.
11:36 of 2nd period - Backhand shot by Dave Tanabe.
11:36 of 2nd period - Shot Misses the Net.
13:03 of 2nd period - Penalty to Adam Burish is over, Adam Burish is back on ice.
13:12 of 2nd period - Slapshot by Oleg Saprykin.
13:12 of 2nd period - Shot Misses the Net.
13:14 of 2nd period - Wrist shot by Carson Mcmillan.
13:14 of 2nd period - Shot Misses the Net.
13:16 of 2nd period - Snap shot by Oleg Saprykin.
13:16 of 2nd period - Shot Misses the Net.
13:18 of 2nd period - Slapshot by David Hale.
13:18 of 2nd period - Stopped by Viktor Fasth with a rebound.
13:30 of 2nd period - Alexander Edler is hit by Patrick Kaleta and loses puck.
13:31 of 2nd period - Alexander Edler from Predators is injured at 13:31 of 2nd period (Sore Right Knee).
13:32 of 2nd period - Ryan Kesler wins face-off versus Derick Brassard in Predators zone.
13:37 of 2nd period - Ian White is hit by Niclas Bergfors.
13:43 of 2nd period - Ryan Kesler is hit by Patrick Kane and loses puck.
14:23 of 2nd period - Snap shot by Ryan Hollweg.
14:23 of 2nd period - Deflect By Brett Clark.
14:23 of 2nd period - Goal by Ryan Hollweg - Predators : 2 - Blackhawks : 2.
14:24 of 2nd period - Ryan Kesler wins face-off versus Derick Brassard in neutral zone.
14:51 of 2nd period - Ian White is hit by Mikael Granlund and loses puck.
15:02 of 2nd period - Snap shot by Byron Bitz.
15:02 of 2nd period - Shot Blocked by Joni Pitkanen.
15:04 of 2nd period - Wrist shot by Alexander Steen.
15:04 of 2nd period - Shot Misses the Net.
16:02 of 2nd period - Slapshot by Oleg Saprykin.
16:02 of 2nd period - Stopped by Viktor Fasth without a rebound.
16:03 of 2nd period - Ryan Kesler wins face-off versus Kyle Brodziak in Predators zone.
16:03 of 2nd period - Ryan Kesler is hit by Kyle Brodziak.
16:31 of 2nd period - Bobby Sanguinetti is hit by Jason Pominville.
16:48 of 2nd period - Minor Penalty to Jonathan Toews for Hooking.
16:49 of 2nd period - Ryan Kesler wins face-off versus Oleg Saprykin in Blackhawks zone.
16:50 of 2nd period - Wrist shot by Alexander Ovechkin.
16:50 of 2nd period - Shot Misses the Net.
16:52 of 2nd period - Slapshot by Ryan Mcdonagh.
16:52 of 2nd period - Deflect By Ryan Kesler.
16:52 of 2nd period - Shot Misses the Net.
16:52 of 2nd period - Puck is out of play.
16:53 of 2nd period - Patrick Kaleta wins face-off versus Ryan Kesler in Blackhawks zone.
16:53 of 2nd period - Patrick Kaleta is hit by Ryan Mcdonagh.
17:05 of 2nd period - Snap shot by Ryan Mcdonagh.
17:05 of 2nd period - Shot Misses the Net.
18:46 of 2nd period - Bobby Sanguinetti is hit by Ryan Hollweg and loses puck.
18:48 of 2nd period - Penalty to Jonathan Toews is over, Jonathan Toews is back on ice.
19:07 of 2nd period - Jonathan Toews is hit by Adam Burish and loses puck.
19:26 of 2nd period - John Moore is hit by Antoine Roussel and loses puck.
19:33 of 2nd period - Antoine Roussel is hit by Christian Ehrhoff and loses puck.
19:42 of 2nd period - David Jones is hit by Ian White and loses puck.
Goals for this period are 2 for Predators vs 2 for Blackhawks.
Shots for this period are 4 for Predators vs 12 for Blackhawks.

3rd period


0:01 of 3rd period - Derick Brassard wins face-off versus Ryan Kesler in neutral zone.
0:08 of 3rd period - Slapshot by Ian White.
0:08 of 3rd period - Shot Misses the Net.
0:10 of 3rd period - Wrist shot by Antoine Roussel.
0:10 of 3rd period - Shot Misses the Net.
0:12 of 3rd period - Snap shot by Ian White.
0:12 of 3rd period - Shot Misses the Net.
0:14 of 3rd period - Snap shot by Derick Brassard.
0:14 of 3rd period - Goal by Derick Brassard - Predators : 2 - Blackhawks : 3.
0:15 of 3rd period - Derick Brassard wins face-off versus Ryan Kesler in neutral zone.
0:38 of 3rd period - Minor Penalty to Ryan Kesler for Interference.
0:39 of 3rd period - Alexander Ovechkin wins face-off versus Antoine Roussel in Predators zone.
0:47 of 3rd period - Minor Penalty to Antoine Roussel for Hooking.
0:48 of 3rd period - Alexander Ovechkin wins face-off versus Patrick Kane in Blackhawks zone.
0:54 of 3rd period - Snap shot by Niclas Bergfors.
0:54 of 3rd period - Stopped by Al Montoya without a rebound.
0:55 of 3rd period - Alexander Ovechkin wins face-off versus Patrick Kane in Blackhawks zone.
0:58 of 3rd period - Snap shot by Niclas Bergfors.
0:58 of 3rd period - Shot Misses the Net.
1:00 of 3rd period - Wrist shot by Niclas Bergfors.
1:00 of 3rd period - Stopped by Al Montoya without a rebound.
1:01 of 3rd period - Alexander Ovechkin wins face-off versus Patrick Kane in Blackhawks zone.
1:12 of 3rd period - Wrist shot by Patrick Kane.
1:12 of 3rd period - Shot Blocked by Ryan Mcdonagh.
1:42 of 3rd period - Wrist shot by Andy Miele.
1:42 of 3rd period - Stopped by Al Montoya without a rebound.
1:43 of 3rd period - Andy Miele wins face-off versus Derick Brassard in Blackhawks zone.
1:46 of 3rd period - Slapshot by Ryan Mcdonagh.
1:46 of 3rd period - Stopped by Al Montoya with a rebound.
2:09 of 3rd period - Jason Pominville is hit by Niclas Bergfors and loses puck.
2:38 of 3rd period - Penalty to Ryan Kesler is over, Ryan Kesler is back on ice.
2:47 of 3rd period - Penalty to Antoine Roussel is over, Antoine Roussel is back on ice.
3:00 of 3rd period - Wrist shot by Kris Vernarsky.
3:00 of 3rd period - Deflect By David Jones.
3:00 of 3rd period - Stopped by Al Montoya with a rebound.
3:19 of 3rd period - Snap shot by Byron Bitz.
3:19 of 3rd period - Shot Blocked by Brendan Bell.
3:23 of 3rd period - Snap shot by Alexander Steen.
3:23 of 3rd period - Shot Misses the Net.
3:41 of 3rd period - Brendan Bell is hit by John Moore and loses puck.
4:10 of 3rd period - Slapshot by Ian White.
4:10 of 3rd period - Stopped by Viktor Fasth with a rebound.
4:16 of 3rd period - Wrist shot by Patrick Kaleta.
4:16 of 3rd period - Stopped by Viktor Fasth with a rebound.
4:18 of 3rd period - Slapshot by Ian White.
4:18 of 3rd period - Stopped by Viktor Fasth with a rebound.
4:28 of 3rd period - Andy Miele is hit by Carson Mcmillan.
4:46 of 3rd period - Slapshot by Patrick Kane.
4:46 of 3rd period - Stopped by Viktor Fasth with a rebound.
4:48 of 3rd period - Slapshot by Patrick Kane.
4:48 of 3rd period - Goal by Patrick Kane - Predators : 2 - Blackhawks : 4.
4:49 of 3rd period - Ryan Kesler wins face-off versus Derick Brassard in neutral zone.
4:58 of 3rd period - Snap shot by Alexander Ovechkin.
4:58 of 3rd period - Goal by Alexander Ovechkin - Predators : 3 - Blackhawks : 4.
4:59 of 3rd period - Derick Brassard wins face-off versus Ryan Kesler in neutral zone.
5:26 of 3rd period - Backhand shot by Byron Bitz.
5:26 of 3rd period - Stopped by Al Montoya with a rebound.
5:48 of 3rd period - Kyle Brodziak is hit by James Van Riemsdyk and loses puck.
5:57 of 3rd period - Slapshot by Adam Burish.
5:57 of 3rd period - Shot Misses the Net.
6:11 of 3rd period - Patrick Kaleta is hit by Ryan Mcdonagh and loses puck.
6:28 of 3rd period - Minor Penalty to Peter Regin for Holding.
6:29 of 3rd period - Ryan Kesler wins face-off versus Jonathan Toews in Blackhawks zone.
6:42 of 3rd period - Snap shot by Alexander Ovechkin.
6:42 of 3rd period - Shot Hit the Post.
6:44 of 3rd period - Snap shot by Alexander Ovechkin.
6:44 of 3rd period - Deflect By Ryan Kesler.
6:44 of 3rd period - Shot Blocked by Ian White.
6:44 of 3rd period - Puck is out of play.
6:45 of 3rd period - Ryan Kesler wins face-off versus Jonathan Toews in Blackhawks zone.
6:48 of 3rd period - Slapshot by Alexander Ovechkin.
6:48 of 3rd period - Stopped by Al Montoya without a rebound.
6:49 of 3rd period - Jonathan Toews wins face-off versus Ryan Kesler in Blackhawks zone.
6:49 of 3rd period - Jonathan Toews is hit by Ryan Mcdonagh.
7:19 of 3rd period - Slapshot by Alexander Steen.
7:19 of 3rd period - Stopped by Al Montoya with a rebound.
7:21 of 3rd period - Slapshot by Christian Ehrhoff.
7:21 of 3rd period - Stopped by Al Montoya without a rebound.
7:22 of 3rd period - Ryan Kesler wins face-off versus Oleg Saprykin in Blackhawks zone.
7:53 of 3rd period - Snap shot by Byron Bitz.
7:53 of 3rd period - Shot Misses the Net.
7:55 of 3rd period - Slapshot by Ryan Mcdonagh.
7:55 of 3rd period - Shot Blocked by Kurt Sauer.
7:57 of 3rd period - Snap shot by Mikael Granlund.
7:57 of 3rd period - Shot Misses the Net.
7:59 of 3rd period - Snap shot by Alexander Steen.
7:59 of 3rd period - Stopped by Al Montoya with a rebound.
8:28 of 3rd period - Penalty to Peter Regin is over, Peter Regin is back on ice.
8:35 of 3rd period - Slapshot by Brett Clark.
8:35 of 3rd period - Shot Misses the Net.
8:37 of 3rd period - Wrist shot by Christian Ehrhoff.
8:37 of 3rd period - Stopped by Al Montoya with a rebound.
8:39 of 3rd period - Snap shot by Adam Burish.
8:39 of 3rd period - Shot Misses the Net.
8:57 of 3rd period - Carson Mcmillan is hit by Adam Burish and loses puck.
9:08 of 3rd period - Wrist shot by James Van Riemsdyk.
9:08 of 3rd period - Stopped by Al Montoya without a rebound.
9:09 of 3rd period - Derick Brassard wins face-off versus Ryan Kesler in Blackhawks zone.
10:05 of 3rd period - Snap shot by Kris Vernarsky.
10:05 of 3rd period - Deflect By David Jones.
10:05 of 3rd period - Shot Misses the Net.
10:05 of 3rd period - Puck is out of play.
10:06 of 3rd period - Derick Brassard wins face-off versus Ryan Kesler in Blackhawks zone.
10:21 of 3rd period - Wrist shot by Alexander Ovechkin.
10:21 of 3rd period - Stopped by Al Montoya with a rebound.
10:37 of 3rd period - Wrist shot by Byron Bitz.
10:37 of 3rd period - Deflect By Alexander Steen.
10:37 of 3rd period - Shot Misses the Net.
10:37 of 3rd period - Puck is out of play.
10:38 of 3rd period - Jonathan Toews wins face-off versus Byron Bitz in Blackhawks zone.
11:03 of 3rd period - Ryan Kesler is hit by Tomas Fleischmann and loses puck.
12:02 of 3rd period - Snap shot by Adam Burish.
12:02 of 3rd period - Shot Misses the Net.
12:20 of 3rd period - Backhand shot by Joni Pitkanen.
12:20 of 3rd period - Goal by Joni Pitkanen - Predators : 3 - Blackhawks : 5.
12:21 of 3rd period - Derick Brassard wins face-off versus Ryan Kesler in neutral zone.
12:48 of 3rd period - Slapshot by Alexander Steen.
12:48 of 3rd period - Shot Misses the Net.
12:50 of 3rd period - Snap shot by Bobby Sanguinetti.
12:50 of 3rd period - Goal by Bobby Sanguinetti - Predators : 4 - Blackhawks : 5.
12:51 of 3rd period - Derick Brassard wins face-off versus Ryan Kesler in neutral zone.
13:02 of 3rd period - Snap shot by Antoine Roussel.
13:02 of 3rd period - Stopped by Viktor Fasth without a rebound.
13:03 of 3rd period - Derick Brassard wins face-off versus Ryan Kesler in Predators zone.
13:21 of 3rd period - Minor Penalty to Antoine Roussel for Tripping.
13:22 of 3rd period - Jonathan Toews wins face-off versus Ryan Kesler in Blackhawks zone.
13:37 of 3rd period - Wrist shot by Alexander Ovechkin.
13:37 of 3rd period - Deflect By Ryan Kesler.
13:37 of 3rd period - Shot Misses the Net.
13:37 of 3rd period - Puck is out of play.
13:38 of 3rd period - Jonathan Toews wins face-off versus Ryan Kesler in Blackhawks zone.
14:08 of 3rd period - Snap shot by Ryan Kesler.
14:08 of 3rd period - Shot Misses the Net.
15:02 of 3rd period - Wrist shot by Mikael Granlund.
15:02 of 3rd period - Goal by Mikael Granlund - Predators : 5 - Blackhawks : 5.
15:03 of 3rd period - Peter Regin wins face-off versus Andy Miele in neutral zone.
15:07 of 3rd period - Off-side.
15:08 of 3rd period - Andy Miele wins face-off versus Peter Regin in neutral zone.
15:21 of 3rd period - Wrist shot by Andy Miele.
15:21 of 3rd period - Shot Misses the Net.
15:23 of 3rd period - Wrist shot by Adam Burish.
15:23 of 3rd period - Shot Misses the Net.
15:34 of 3rd period - Bobby Sanguinetti is hit by Derick Brassard.
16:07 of 3rd period - Wrist shot by Ryan Kesler.
16:07 of 3rd period - Stopped by Al Montoya with a rebound.
16:33 of 3rd period - Patrick Kaleta is hit by Adam Burish and loses puck.
18:09 of 3rd period - Kurt Sauer is hit by Christian Ehrhoff and loses puck.
18:19 of 3rd period - Minor Penalty to Ryan Hollweg for Hooking.
18:20 of 3rd period - Ryan Kesler wins face-off versus Jonathan Toews in Blackhawks zone.
18:29 of 3rd period - Snap shot by Niclas Bergfors.
18:29 of 3rd period - Shot Blocked by Jonathan Toews.
19:58 of 3rd period - Icing by Byron Bitz.
19:59 of 3rd period - Mikael Granlund wins face-off versus Oleg Saprykin in Predators zone.
Goals for this period are 3 for Predators vs 3 for Blackhawks.
Shots for this period are 17 for Predators vs 8 for Blackhawks.

Overtime #1


0:01 of 1st overtime period - Peter Regin wins face-off versus Alexander Ovechkin in neutral zone.
0:08 of 1st overtime period - Backhand shot by Peter Regin.
0:08 of 1st overtime period - Shot Misses the Net.
0:19 of 1st overtime period - Penalty to Ryan Hollweg is over, Ryan Hollweg is back on ice.
1:09 of 1st overtime period - John Moore is hit by Derick Brassard and loses puck.
1:52 of 1st overtime period - Niclas Bergfors is hit by Derick Brassard.
2:13 of 1st overtime period - Slapshot by Dave Tanabe.
2:13 of 1st overtime period - Shot Blocked by Brett Clark.
3:01 of 1st overtime period - Christian Ehrhoff is hit by Joni Pitkanen and loses puck.
3:08 of 1st overtime period - Joni Pitkanen is hit by Ryan Mcdonagh and loses puck.
3:27 of 1st overtime period - Derick Brassard is hit by Ryan Kesler and loses puck.
3:40 of 1st overtime period - Icing by Ryan Kesler.
3:41 of 1st overtime period - Patrick Kane wins face-off versus Ryan Kesler in Predators zone.
3:52 of 1st overtime period - Patrick Kane is hit by Ryan Kesler and loses puck.
3:57 of 1st overtime period - Snap shot by Ryan Kesler.
3:57 of 1st overtime period - Shot Misses the Net.
4:03 of 1st overtime period - Dave Tanabe is hit by Byron Bitz and loses puck.
4:42 of 1st overtime period - Wrist shot by Jason Pominville.
4:42 of 1st overtime period - Goal by Jason Pominville - Predators : 5 - Blackhawks : 6.
Goals for this period are 0 for Predators vs 1 for Blackhawks.
Shots for this period are 0 for Predators vs 1 for Blackhawks.